 Dungeon Crawl Stone Soup version 0.21-a0-538-gd16b88a (webtiles) character file.

53 tidbits the Digger (level 3, -1/26 HPs)
             Began as a Gnoll Earth Elementalist on Dec 15, 2017.
             Slain by a gnoll
             ... wielding a cursed +0 halberd
              (10 damage)
             ... on level 4 of the Dungeon.
             The game lasted 00:05:35 (934 turns).

tidbits the Digger (Gnoll Earth Elementalist)        Turns: 934, Time: 00:05:36

Health: -1/26      AC:  2    Str: 10    XL:     3   Next: 87%
Magic:  18/18      EV: 15    Int: 18    God:
Gold:   213        SH:  0    Dex: 15    Spells: 9/12 levels left

rFire    . . .     SeeInvis .   h - +0 trident
rCold    . . .     Gourm    .   (no shield)
rNeg     . . .     Faith    .   c - +0 robe
rPois    .         Spirit   .   (no helmet)
rElec    .         Reflect  .   (no cloak)
rCorr    .         Harm     .   (no gloves)
MR       .....                  (no boots)
Stlth    +++.......             p - amulet of rage
HPRegen  0.08/turn              i - ring of magical power
MPRegen  0.16/turn              (no ring)

@: no status effects
A: distributed training, fangs 1, strong nose
a: Evoke Berserk Rage


You were on level 4 of the Dungeon.
You were not hungry.

You visited 1 branch of the dungeon, and saw 4 of its levels.

You collected 213 gold pieces.

Inventory:

Hand Weapons
 h - a +0 trident (weapon)
 t - a +0 quarterstaff
Missiles
 b - 72 stones (quivered)
 f - 23 bolts
Armour
 c - a +0 robe (worn)
 g - a +0 ring mail
Jewellery
 i - a ring of magical power (left hand)
   (You found it on level 3 of the Dungeon)
 p - an amulet of rage (around neck)
   (You found it on level 1 of the Dungeon)
Scrolls
 a - 6 scrolls of identify {unknown}
 j - 2 scrolls of fog {unknown}
 q - a scroll of enchant armour {unknown}
Potions
 l - 2 potions of curing {unknown}
 m - a potion of lignification {unknown}
 o - a potion of agility {unknown}
 r - a potion of flight {unknown}
 s - a potion of brilliance {unknown}
Books
 e - a book of Geomancy

   Spells                             Type                      Level
   a - Sandblast                      Earth                        1
   b - Passwall                       Transmutation/Earth          2
   c - Stone Arrow                    Conjuration/Earth            3
   d - Petrify                        Transmutation/Earth          4
   e - Lee's Rapid Deconstruction     Earth                        5
Comestibles
 d - a bread ration
 k - 2 royal jellies
 n - 4 meat rations


   Skills:
 + Level 1.0 Fighting
 + Level 1.0 Short Blades
 + Level 1.0 Long Blades
 + Level 1.0 Axes
 + Level 1.0 Maces & Flails
 + Level 1.0 Polearms
 + Level 1.0 Staves
 + Level 1.0 Slings
 + Level 1.0 Bows
 + Level 1.0 Crossbows
 + Level 1.0 Throwing
 + Level 1.0 Armour
 + Level 4.6 Dodging
 + Level 4.2 Stealth
 + Level 1.0 Shields
 + Level 1.0 Unarmed Combat
 + Level 5.0 Spellcasting
 + Level 0.7 Conjurations
 + Level 0.7 Hexes
 + Level 0.7 Charms
 + Level 0.7 Summonings
 + Level 0.7 Necromancy
 + Level 0.7 Translocations
 + Level 2.1 Transmutations
 + Level 0.7 Fire Magic
 + Level 0.7 Ice Magic
 + Level 0.7 Air Magic
 + Level 5.4 Earth Magic
 + Level 0.7 Poison Magic
 + Level 1.0 Invocations
 + Level 1.0 Evocations


You had 9 spell levels left.
You knew the following spells:

 Your Spells              Type           Power        Failure   Level  Hunger
a - Sandblast             Erth           ###...       1%          1    None
w - Passwall              Tmut/Erth      ###.......   4%          2    #......


Dungeon Overview and Level Annotations

Branches:
Dungeon (4/15)
 Temple: D:4-7

Altars:
Elyvilon
Wu Jian
Zin
The Shining One


Innate Abilities, Weirdness & Mutations

Your experience applies equally to all skills.
You have very sharp teeth.
Your uncanny sense of smell can sniff out nearby items.


Message History

q - a scroll labeled AFEITA VIOWY
b - 60 stones (gained 4)
b - 72 stones (gained 12)
Found a stone staircase leading up.
r - an inky potion You open the door.
There is an open door here.
A bat comes into view.
A rat comes into view.
There is a stone staircase leading up here.
You climb upwards.
Found a meat ration and a hand axe.
There is a stone staircase leading down here.
n - 4 meat rations (gained 1)
Found 14 gold pieces.
You now have 213 gold pieces (gained 14).
Found an amethyst potion.
Found a mace.
s - an amethyst potion
Found a leather armour.
Found 26 arrows.
There is a stone staircase leading down here.
You climb downwards.
There is a stone staircase leading up here.
There is an open door here.
The rat bites you. The bat hits you but does no damage. The bat hits you.
The bat closely misses you. The bat barely misses you.
You open the door. The bat closely misses you. The rat closely misses you.
A hobgoblin comes into view. It is wielding a club.
The bat hits you.
There is an open door here.
The bat closely misses you.
You open the door. The bat hits you but does no damage.
There is an open door here.
The bat hits you but does no damage. The bat hits you.
The bat barely misses you. The bat hits you.
You open the door. The bat hits you but does no damage.
The rat barely misses you. The bat hits you.
There is an open door here.
The bat hits you but does no damage. The bat hits you but does no damage.
The bat barely misses you. The bat closely misses you.
The bat barely misses you. The bat hits you.
The bat hits you but does no damage. The bat hits you.
There is a stone staircase leading down here.
The bat hits you but does no damage. The rat completely misses you.
You climb downwards.
There is a stone staircase leading up here.
Found a scroll labeled COCUOF COARUNN.
You see here a scroll labeled COCUOF COARUNN.
j - 2 scrolls labeled COCUOF COARUNN (gained 1)
The rat bites you.
Found a quarterstaff.
You see here a quarterstaff.
t - a quarterstaff You hit the rat.
You kill the rat!
You see here a rat corpse.
An orc comes into view. It is wielding a whip.
The helpless orc fails to defend itself.
You puncture the orc!
You kill the orc!
Your Fighting skill increases to level 1!
Your Short Blades skill increases to level 1!
Your Long Blades skill increases to level 1!
Your Axes skill increases to level 1!
Your Maces & Flails skill increases to level 1!
Your Polearms skill increases to level 1!
Your Staves skill increases to level 1!
Your Slings skill increases to level 1!
Your Bows skill increases to level 1!
Your Crossbows skill increases to level 1!
Your Throwing skill increases to level 1!
Your Armour skill increases to level 1!
Your Shields skill increases to level 1!
Your Unarmed Combat skill increases to level 1!
Your Evocations skill increases to level 1!
You see here a whip.
A bat comes into view.
There is a stone staircase leading down here.
You climb downwards.
There is a stone staircase leading up here.
The gnoll shouts!
You hear a shout! x2
The gnoll throws a throwing net.
The throwing net hits you.
You become entangled in the net!
You see here a throwing net {!f}.
You struggle against the net.
You struggle against the net.
The gnoll hits you from afar with a halberd!
You struggle against the net.
The gnoll hits you with a club.
The gnoll hits you from afar with a halberd.
* * * LOW HITPOINT WARNING * * *
You rip the net and break free!
The gnoll misses you.
The gnoll hits you from afar with a halberd!
You die...

∆ # [# #.##
...######g..###.
#....@gg......
#..>#.###...####
# .. #.## ## .#
#


You could see 3 gnolls.

Vanquished Creatures
  An adder (D:2)
  2 worms (D:3)
  A leopard gecko (D:2)
  3 orcs (D:3)
  A bat (D:3)
  6 goblins
  5 hobgoblins
  2 jackals (D:1)
  2 kobolds
  2 quokkas (D:3)
  2 frilled lizards (D:3)
  5 rats
32 creatures vanquished.

Notes
Turn   | Place    | Note
-------+----------+-------------------------------------------
     0 | D:1      | tidbits the Gnoll Earth Elementalist began the quest for the Orb.
     0 | D:1      | Reached XP level 1. HP: 13/13 MP: 6/6
    85 | D:2      | Reached skill level 2 in Transmutations
   121 | D:2      | Reached XP level 2. HP: 19/19 MP: 5/7
   125 | D:2      | Learned a level 2 spell: Passwall
   334 | D:3      | Reached XP level 3. HP: 21/25 MP: 9/9
   362 | D:3      | Reached skill level 5 in Spellcasting
   446 | D:2      | Reached skill level 1 in Invocations
   450 | D:2      | Found an ornate altar of the Wu Jian Council.
   486 | D:2      | Found a glowing silver altar of Zin.
   487 | D:2      | Found a white marble altar of Elyvilon.
   488 | D:2      | Found a glowing golden altar of the Shining One.
   901 | D:3      | Reached skill level 1 in Fighting
   901 | D:3      | Reached skill level 1 in Short Blades
   901 | D:3      | Reached skill level 1 in Long Blades
   901 | D:3      | Reached skill level 1 in Axes
   901 | D:3      | Reached skill level 1 in Maces & Flails
   901 | D:3      | Reached skill level 1 in Polearms
   901 | D:3      | Reached skill level 1 in Staves
   901 | D:3      | Reached skill level 1 in Slings
   901 | D:3      | Reached skill level 1 in Bows
   901 | D:3      | Reached skill level 1 in Crossbows
   901 | D:3      | Reached skill level 1 in Throwing
   901 | D:3      | Reached skill level 1 in Armour
   901 | D:3      | Reached skill level 1 in Shields
   901 | D:3      | Reached skill level 1 in Unarmed Combat
   901 | D:3      | Reached skill level 1 in Evocations
   934 | D:4      | Slain by a gnoll

Vault maps used:
D:1:      roderic_crop_circles_arrival_small
D:2:      good_gods_temple_1, nicolae_overflow_crystal_walls
D:3:      roderic_roman_lattice
D:4:      nicolae_ru_the_path_less_chosen, minmay_temple_entry_overgrown,
          serial_shops, nicolae_shop_crystal

Skill      XL: |  1  2  3 |
---------------+----------+-----
Transmutations | 2 |  2.1
Spellcasting   | 5 |  5.0
Invocations    | 1 |  1.0
Fighting       | 1 |  1.0
Short Blades   | 1 |  1.0
Long Blades    | 1 |  1.0
Axes           | 1 |  1.0
Maces & Flails | 1 |  1.0
Polearms       | 1 |  1.0
Staves         | 1 |  1.0
Slings         | 1 |  1.0
Bows           | 1 |  1.0
Crossbows      | 1 |  1.0
Throwing       | 1 |  1.0
Armour         | 1 |  1.0
Shields        | 1 |  1.0
Unarmed Combat | 1 |  1.0
Evocations     | 1 |  1.0
Dodging        | |  4.6
Stealth        | |  4.2
Conjurations   | |  0.7
Hexes          | |  0.7
Charms         | |  0.7
Summonings     | |  0.7
Necromancy     | |  0.7
Translocations | |  0.7
Fire Magic     | |  0.7
Ice Magic      | |  0.7
Air Magic      | |  0.7
Earth Magic    | |  5.4
Poison Magic   | |  0.7

Action                   || total
-------------------------++-------
Melee: Unarmed           ||     1
       Trident           ||    13
       Bite              ||     1
 Cast: Sandblast         ||    35
       Passwall          ||     5
 Stab: Sleeping          ||     7
Armor: Robe              ||    10
Dodge: Dodged            ||    17

Table legend:
 A = Spawn XP
 B = Non-spawn XP
 C = Spawn XP percentage of total XP
 D = Spawn monster count
 E = Non-spawn monster count
 F = Spawn count percentage of total count
 G = Total turns spent on level
                    A         B        C        D         E        F      G
               +---------+---------+-------+---------+---------+-------+---------
         Total |       0 |      76 |   0.0 |       0 |      32 |   0.0 |   934
               +---------+---------+-------+---------+---------+-------+---------
           D:1 |       0 |      10 |   0.0 |       0 |       6 |   0.0 |   252
           D:2 |       0 |      32 |   0.0 |       0 |      12 |   0.0 |   376
           D:3 |       0 |      34 |   0.0 |       0 |      14 |   0.0 |   299
               +---------+---------+-------+---------+---------+-------+---------

Table legend:
 A = Turns spent in this place as a percentage of turns spent in the entire game.
 B = Non-inter-level travel turns spent in this place as a percentage of non-inter-level travel turns spent in the entire game.
 C = Inter-level travel turns spent in this place as a percentage of turns spent in this place.
 D = Turns resting spent in this place as a percentage of non-inter-level travel turns spent in this place.
 E = Turns spent auto-exploring this place as a percentage of non-inter-level travel turns spent in this place.
 F = Non-inter-level travel turns spent in this place divided by the number of levels of this place that you've seen.
                   A       B       C       D       E      F
               +-------+-------+-------+-------+-------+----------------------
         Total | 100.0 | 100.0 |   0.0 |   0.0 |   1.2 | 233.5
       Dungeon | 100.0 | 100.0 |   0.0 |   0.0 |   1.2 | 233.5
               +-------+-------+-------+-------+-------+----------------------

Table legend:
 A = Kills in this place as a percentage of kills in entire the game.
 B = Kills by you in this place as a percentage of kills by you in the entire game.
 C = Kills by friends in this place as a percentage of kills by friends in the entire game.
 D = Other kills in this place as a percentage of other kills in the entire game.
 E = Experience gained in this place as a percentage of experience gained in the entire game.
 F = Experience gained in this place divided by the number of levels of this place that you have seen.
                   A       B       C       D       E      F
               +-------+-------+-------+-------+-------+----------------------
         Total | 100.0 | 100.0 |   N/A |   N/A | 100.0 |  19.0
       Dungeon | 100.0 | 100.0 |   N/A |   N/A | 100.0 |  19.0
               +-------+-------+-------+-------+-------+----------------------

Vault maps used:
D:1:      roderic_crop_circles_arrival_small
D:2:      good_gods_temple_1, nicolae_overflow_crystal_walls
D:3:      roderic_roman_lattice
D:4:      nicolae_ru_the_path_less_chosen, minmay_temple_entry_overgrown,
          serial_shops, nicolae_shop_crystal
